 Dungeon Crawl Stone Soup version 0.28-a0-32-g8dfe7f97f6 (webtiles) character file.

Game seed: 7032190423902870820

5 willcat the Sneak (level 1, -1/14 HPs)
             Began as a Kobold Delver on July 27, 2021.
             Slain by an ice beast (4 damage)
             ... on level 7 of the Dungeon.
             The game lasted 00:00:18 (73 turns).

willcat the Sneak (Kobold Delver)                     Turns: 73, Time: 00:00:18

Health: -1/14      AC:  3    Str:  9    XL:     1   Next: 88%
Magic:  1/1        EV: 14    Int: 11    God:
Gold:   0          SH:  0    Dex: 16    Spells: 0/0 levels left

rFire   . . .      SeeInvis .   a - +0 short sword
rCold   . . .      Faith    .   (shield restricted)
rNeg    . . .      Spirit   .   b - +0 leather armour
rPois   .          Reflect  .   (no helmet)
rElec   .          Harm     .   (no cloak)
rCorr   .          Rampage  .   (no gloves)
Will    .....                   (no boots)
Stlth   ++++......              (no amulet)
HPRegen 0.04/turn               (no ring)
MPRegen 0.07/turn               (no ring)

@: hasted, very quick
A: small, no large weapons, nightstalker 3
a: no special abilities


You were on level 7 of the Dungeon.
You visited 1 branch of the dungeon, and saw 3 of its levels.

Inventory:

Hand Weapons
 a - a +0 short sword (weapon)
Armour
 b - a +0 leather armour (worn)
Wands
 g - a wand of digging (3)
Scrolls
 c - a scroll of fog
 d - 2 scrolls of magic mapping
 e - a scroll of fear
Potions
 h - a potion of heal wounds {unknown}


   Skills:
 - Level 3.2 Fighting
 + Level 3.0 Short Blades
 + Level 2.6 Dodging
 + Level 6.7 Stealth


You couldn't memorise any spells.
You didn't know any spells.
Your spell library was empty.

Dungeon Overview and Level Annotations

Branches:
Dungeon (7/15)
 Temple: D:4-7

Altars:


Innate Abilities, Weirdness & Mutations

You are small and have problems with some larger weapons.
You are completely attuned to the shadows.


Message History

Found a scroll of magic mapping and a murky orange potion.
There is a stone staircase leading up here.
d - 2 scrolls of magic mapping (gained 1)
h - a murky orange potion An ice beast comes into view.
The helpless ice beast fails to defend itself.
You impale the ice beast!!
The ice beast is heavily wounded.
Unknown command.
You feel yourself speed up. The ice beast closely misses you.
You hit the ice beast but do no damage.
The ice beast is heavily wounded.
The ice beast barely misses you.
You barely miss the ice beast.
The ice beast is heavily wounded.
The ice beast completely misses you.
You hit the ice beast but do no damage.
The ice beast is heavily wounded.
You hit the ice beast but do no damage.
The ice beast is heavily wounded.
The ice beast misses you.
You closely miss the ice beast.
The ice beast is heavily wounded.
The ice beast barely misses you.
You hit the ice beast.
The ice beast is severely wounded.
You hit the ice beast.
The ice beast is severely wounded.
The ice beast closely misses you.
You closely miss the ice beast.
The ice beast is severely wounded.
The ice beast hits you. The ice beast freezes you!
Ouch! That really hurt!
* * * LOW HITPOINT WARNING * * *
You closely miss the ice beast.
The ice beast is severely wounded.
You hit the ice beast but do no damage.
The ice beast is severely wounded.
The ice beast hits you.
You die...

#.. ###..
##.# #+#
#.###.# #Y#
#.<...#
###@###.#####
.........#
##.####.## #.
#.# # #.# ...


You could see an ice beast.

Vanquished Creatures
  4 jackals (D:5)
4 creatures vanquished.

Notes
Turn   | Place    | Note
-------+----------+-------------------------------------------
     0 | D:5      | willcat the Kobold Delver began the quest for the Orb.
     0 | D:5      | Reached XP level 1. HP: 14/14 MP: 1/1
    60 | D:7      | Noticed an ice beast
    73 | D:7      | Slain by an ice beast

Illustrated notes

Levels and vault maps discovered:
D:5:      layout_basic, mainiacjoe_overflow_brackets,
          minmay_temple_entry_junction, ebering_ghost_reflecting_pool
D:6:      layout_basic, zin_purify, portal_sewer_entry_a
D:7:      layout_loops_corners, mainiacjoe_overflow_chevrons,
          mainiacjoe_overflow_small_starburst, lemuel_doored_altar

Skill      XL: |  1 |
---------------+----+-----
Short Blades   | 3 |  3.0
Fighting       | |  3.2
Dodging        | |  2.6
Stealth        | |  6.7

Action                   || total
-------------------------++-------
Melee: Short sword       ||    15
  Use: Potion            ||     1
 Stab: Sleeping          ||     5
Dodge: Dodged            ||     6

Table legend: (Time is in decaauts)
 A = Elapsed time spent in this place.
 B = Non-inter-level travel time spent in this place.
 C = Inter-level travel time spent in this place.
 D = Time resting spent in this place.
 E = Time spent auto-exploring this place.
 F = Levels seen in this place.
 G = Mean time per level.
                   A        B        C        D        E       F      G
               +--------+--------+--------+--------+--------+-----+--------+
         Total |     69 |     55 |     14 |      0 |     30 |   3 |   23.0 |
       Dungeon |     69 |     55 |     14 |      0 |     30 |   3 |   23.0 |
               +--------+--------+--------+--------+--------+-----+--------+

Top non-repeatable levels by time:
     D:5: 33 daAuts
     D:6: 17 daAuts
     D:7: 17 daAuts
